 Dungeon Crawl Stone Soup version 0.30-a0-1157-g2cc9ac7196 (webtiles) character file.

Game seed: 9200728428230326075

62 ytrimaz the Shield-Bearer (level 3, 0/29 HPs)
             Began as a Demonspawn Fighter on Apr 24, 2023.
             Succumbed to an adder's poison
             ... on level 2 of the Dungeon.
             The game lasted 00:00:52 (881 turns).

ytrimaz the Shield-Bearer (Demonspawn Fighter)       Turns: 881, Time: 00:00:53

Health: 0/29       AC:  6    Str: 18    XL:     3   Next: 85%
Magic:  3/3        EV:  9    Int:  9    God:
Gold:   68         SH:  0    Dex: 12    Spells: 2/2 levels left

rFire   . . .        a - +0 war axe
rCold   . . .        (no shield)
rNeg    . . .        b - +0 scale mail
rPois   .            (no helmet)
rElec   .            (no cloak)
rCorr   .            (no gloves)
SInv    .            (no boots)
Will    .....        (no amulet) Stlth
                     (no ring)
HPRegen 0.24/turn    (no ring)
MPRegen 0.08/turn

%: no passive effects
@: lethally poisoned (0 -> -4)
A: foul stench 1, demonic touch 1
a: no special abilities


You were on level 2 of the Dungeon.
You visited 1 branch of the dungeon, and saw 2 of its levels.

You collected 68 gold pieces.


Innate Abilities, Weirdness & Mutations

You may rarely emit foul miasma when damaged in melee.
Your touch may inflict minor irresistible damage on your foes.


   Skills:
 - Level 3.0 Fighting
 + Level 2.5 Axes
 - Level 2.6 Armour
 * Level 3.9 Shields


You had 2 spell levels left.
You didn't know any spells.
Your spell library contained the following spells:

 Spells                   Type           Power      Damage    Failure   Level
 Kiss of Death            Conj/Necr      0%         2d5       78%         1
 Confusing Touch          Hex            0%         N/A       98%         3
 Dispel Undead            Necr           0%         3d6       100%        4

Inventory:

Hand Weapons
 a - a +0 war axe (weapon)
Armour
 b - a +0 scale mail (worn)
 c - a +0 buckler
Scrolls
 f - a scroll of teleportation {unknown}
 g - a scroll of identify {unknown}
 j - a scroll of butterflies {unknown}
 k - a scroll of enchant armour {unknown}
 l - a scroll of noise {unknown}
Potions
 d - a potion of might
 e - a potion of attraction {unknown}
 h - a potion of magic {unknown}
 i - a potion of mutation {unknown}

Dungeon Overview and Level Annotations

Branches:
Dungeon (2/15) Zot: 11090

Altars:

########## ####
#........# #..
##........# #.#
###.........#
#.####........b..#######
..[.............@Sgg....
#..(.......##...########
....#.#....##...#
..#.#.#.#.......###
..#.#.#.#.##.#)).<#
#.#.#...####.#.#........
#.#.##### ..#...#####.#
#.#.. ######## ).###


You could see 2 gnolls, an adder and a bat.


Message History

The adder hisses angrily.
The gnoll hits you from afar with a +0 spear. 😕 HP[-3]
You take 3 damage, and now have 26/29 hp.
A bat comes into view.
The gnoll barely misses you.
A gnoll comes into view. It is wielding a +0 halberd. 😕 HP[+1]
You barely miss the bat. You closely miss the gnoll.
The gnoll shouts!
The bat barely misses you.
Unknown command.
You slash the gnoll! You barely miss the bat. The bat barely misses you.
The gnoll hits you but does no damage. The bat misses you.
The gnoll closely misses you. The adder closely misses you.
The gnoll hits you but does no damage. The gnoll misses you.
Unknown command.
You hit the gnoll.
You kill the gnoll!
You closely miss the adder. The bat barely misses you.
The adder bites you but does no damage. The gnoll hits you but does no damage.
The adder bites you.
You emit a cloud of foul miasma! 😕 HP[-1]
You take 1 damage, and now have 26/29 hp.
The adder attacks as you move away! The adder barely misses you.
The bat barely misses you. The gnoll hits you with a +0 halberd!
The adder is engulfed in dark miasma.
The adder is poisoned.
Items here: $ ) ? †. 😮 HP[-8]
You take 8 damage, and now have 18/29 hp.
MASSIVE DAMAGE!! (PAUSE)
You barely miss the gnoll. Your touch misses the gnoll. You miss the adder.
The bat hits you but does no damage. The adder bites you but does no damage.
The gnoll hits you with a +0 halberd!
* * * LOW HITPOINT WARNING * * *
You emit a cloud of foul miasma!
The adder bites you but does no damage. 😨 HP[-7]
You take 7 damage, and now have 11/29 hp.
MASSIVE DAMAGE!! (PAUSE)
You barely miss the gnoll. You barely miss the adder.
The bat barely misses you.
The gnoll is engulfed in dark miasma.
The gnoll is poisoned.
The gnoll hits you but does no damage. The adder bites you.
* * * LOW HITPOINT WARNING * * *
You are poisoned.
The adder poisons you!
The gnoll is engulfed in dark miasma.
The gnoll looks even sicker.
The gnoll seems to slow down.
You kill the gnoll!
The adder completely misses you.
You are too injured to fight recklessly!
You feel sick.
Things that are here:
a +0 halberd; a fizzy puce potion; 😨 HP[-1]
You take 1 damage, and now have 10/29 hp.
You are too injured to fight recklessly!
The adder attacks as you move away! The adder bites you.
* * * LOW HITPOINT WARNING * * *
You feel sick.
The bat hits you but does no damage. 😨 HP[-2]
You take 2 damage, and now have 8/29 hp.
Unknown command.
You are too injured to fight recklessly!
You are too injured to fight recklessly!
Unknown command.
You are too injured to fight recklessly!
You hit the adder.
You kill the adder!
You feel sick.
The bat hits you but does no damage. 😱 HP[-2]
You take 2 damage, and now have 6/29 hp.
You feel sick.
You are no longer poisoned.
The bat hits you but does no damage.
Unknown command.
The bat closely misses you.
You closely miss the bat. The bat closely misses you. The bat hits you.
* * * LOW HITPOINT WARNING * * *
The bat hits you but does no damage. 😱 HP[-1]
You take 1 damage, and now have 5/29 hp.
An adder and 2 gnolls come into view.
The adder hisses angrily.
The gnoll shouts! x2
The bat hits you but does no damage. 😱 HP[+1]
You barely miss the bat. Your touch misses the bat. The bat closely misses you.
The bat attacks as you move away! The bat hits you but does no damage.
The bat closely misses you. The adder bites you.
* * * LOW HITPOINT WARNING * * *
You are lethally poisoned!
The adder poisons you! The adder closely misses you. 😱 HP[-3]
You take 3 damage, and now have 3/29 hp.
You miss the adder. Your touch misses the adder.
* * * LOW HITPOINT WARNING * * *
You feel sick. The bat hits you but does no damage.
The adder barely misses you. 😱 HP[-2]
You take 2 damage, and now have 1/29 hp.
You closely miss the adder.
You touch the adder!
You die...

Skill      XL: |  1 |
---------------+----+-----
Axes           | 2 |  2.5
Shields        | 3 |  3.9
Fighting       | |  3.0
Armour         | |  2.6

Action                     || total
---------------------------++-------
  Melee: War axe           ||    73
         Touch             ||     1
 Armour: Scale mail        ||    45
  Dodge: Dodged            ||    52

Levels and vault maps discovered:
D:1:      beargit_arrival_greenhouse, layout_basic
D:2:      layout_basic, basic_altar, uniq_sigmund, uniq_terence

Notes
Turn   | Place    | Note
-------+----------+-------------------------------------------
     0 | D:1      | ytrimaz the Demonspawn Fighter began the quest for the Orb.
     0 | D:1      | Reached XP level 1. HP: 18/18 MP: 1/1
     0 | D:1      | magus.rc [v1.9.6]
   142 | D:1      | Reached skill level 2 in Axes
   142 | D:1      | Reached skill level 3 in Shields
   204 | D:1      | Gained mutation: You may rarely emit foul miasma when
                  | damaged in melee. [demonic ancestry]
   204 | D:1      | Reached XP level 2. HP: 22/24 MP: 2/2
   599 | D:1      | You fall into a shaft and drop 1 floor!
   775 | D:2      | You pick up a book of Touch and begin reading...
   775 | D:2      | You add the spells Kiss of Death, Confusing Touch and
                  | Dispel Undead to your library.
   807 | D:2      | Gained mutation: Your touch may inflict minor irresistible
                  | damage on your foes. [demonic ancestry]
   807 | D:2      | Reached XP level 3. HP: 29/29 MP: 3/3
   873 | D:2      | HP: 6/29 [poisoned by an adder]
   879 | D:2      | HP: 3/29 [adder (3)]
   880 | D:2      | HP: 1/29 [poisoned by an adder]
   881 | D:2      | Succumbed to an adder's poison

Vanquished Creatures
  2 gnolls (D:2)
  An adder (D:2)
  A worm (D:2)
  4 endoplasms (D:2)
  3 giant cockroaches (D:1)
  4 goblins
  3 hobgoblins
  3 jackals (D:1)
  A quokka (D:2)
  2 bats (D:2)
  A frilled lizard (D:1)
  3 kobolds (D:1)
28 creatures vanquished.

Table legend:
 A = Non-vault XP
 B = Vault XP
 C = Vault XP percentage of total XP
 D = Non-vault monster count
 E = Vault monster count
 F = Vault count percentage of total count
                 A         B        C        D         E       F
            +---------+---------+-------+---------+---------+-------
      Total |      89 |       0 |   0.0 |      28 |       0 |   0.0
            +---------+---------+-------+---------+---------+-------
        D:1 |      26 |       0 |   0.0 |      15 |       0 |   0.0
        D:2 |      63 |       0 |   0.0 |      13 |       0 |   0.0
            +---------+---------+-------+---------+---------+-------

Skill      XL: |  1 |
---------------+----+-----
Axes           | 2 |  2.5
Shields        | 3 |  3.9
Fighting       | |  3.0
Armour         | |  2.6

Action                     || total
---------------------------++-------
  Melee: War axe           ||    73
         Touch             ||     1
 Armour: Scale mail        ||    45
  Dodge: Dodged            ||    52

Illustrated notes

Table legend:
 A = Kills in this place as a percentage of kills in the entire game.
 B = Kills by you in this place as a percentage of kills by you in the entire game.
 C = Kills by friends in this place as a percentage of kills by friends in the entire game.
 D = Other kills in this place as a percentage of other kills in the entire game.
 E = Experience gained in this place as a percentage of experience gained in the entire game.
 F = Experience gained in this place divided by the number of levels of this place that you have seen.
                   A       B       C       D       E      F
               +-------+-------+-------+-------+-------+----------------------
         Total | 100.0 | 100.0 |   N/A |   N/A | 100.0 |  44.5
       Dungeon | 100.0 | 100.0 |   N/A |   N/A | 100.0 |  44.5
               +-------+-------+-------+-------+-------+----------------------

Table legend: (Time is in decaauts)
 A = Elapsed time spent in this place.
 B = Non-inter-level travel time spent in this place.
 C = Inter-level travel time spent in this place.
 D = Time resting spent in this place.
 E = Time spent auto-exploring this place.
 F = Levels seen in this place.
 G = Mean time per level.
                   A        B        C        D        E       F      G
               +--------+--------+--------+--------+--------+-----+--------+
         Total |    909 |    909 |      0 |      0 |    689 |   2 |  454.5 |
       Dungeon |    909 |    909 |      0 |      0 |    689 |   2 |  454.5 |
               +--------+--------+--------+--------+--------+-----+--------+

Top non-repeatable levels by time:
     D:1: 617 daAuts
     D:2: 292 daAuts
